 Dungeon Crawl Stone Soup version 0.19.4-8-ga85b6b9 (webtiles) character file.

374062 loralnil the Hoplite (level 21, -13/204 HPs)
             Began as a Minotaur Fighter on Feb 7, 2017.
             Was the Champion of Okawaru.
             Killed from afar by an ancient lich (39 damage)
             ... with a crystal spear
             ... on level 5 of the Vaults.
             The game lasted 01:53:42 (39505 turns).

loralnil the Hoplite (Minotaur Fighter)            Turns: 39505, Time: 01:53:44

Health: -13/204    AC: 23    Str: 32    XL:     21   Next: 75%
Magic:  27/27      EV:  2    Int: 13    God:    Okawaru [******]
Gold:   981        SH:  0    Dex: 15    Spells: 0 memorised, 20 levels left

rFire  + . .     SeeInvis +     G - +8 war axe of Eternal Vigilance {drain, rElec}
rCold  + + .     Gourm    .     W - +0 ice dragon scales of Edubb {+Fly rF- rC++ Regen+ Int-3 SInv}
rNeg   + + +     Faith    .     h - +1 shield of Autumn {Dex+3}
rPois  ∞         Spirit   .     Q - +2 hat {MR+}
rElec  +         Reflect  +     F - +2 cloak of Etuxuiw {+Blink Str+3 Int+4 Dex-4}
rCorr  .         Harm     .     Y - +1 pair of gloves "Kuri" {-Cast rF++ Int+6}
MR     ++...     Clarity  +     p - +2 pair of boots {run}
Stlth  .......... Rnd*Tele +    z - +3 amulet of reflection NoCast +
                                y - ring "Baubihuv" {Dex+5 SInv}
                                S - +3 ring of slaying

@: petrified, corroded, drained, quick
A: retaliatory headbutt, fangs 1, horns 2, clarity, screaming 1, teleportitis 1
a: Heroism, Finesse, Renounce Religion, Evoke Blink, Evoke Flight
}: 2/15 runes: serpentine, barnacled


You were on level 5 of the Vaults.
You worshipped Okawaru.
Okawaru was exalted by your worship.
You were not hungry.

You visited 7 branches of the dungeon, and saw 35 of its levels.
You visited the Abyss 2 times.
You visited 1 bazaar.
You also visited: Ice Cave.

You collected 3390 gold pieces.
You spent 2409 gold pieces at shops.

Inventory:

Hand Weapons
 l - a +7 war axe of electrocution
 G - the +8 war axe of Eternal Vigilance (weapon) {drain, rElec}
   (Okawaru gifted it to you on level 12 of the Dungeon)

   A truly terrible weapon, it drains the life of those it strikes.
   It insulates you from electricity.
Armour
 h - the +1 shield of Autumn (worn) {Dex+3}
   (You acquired it on level 13 of the Dungeon)

   It affects your dexterity (+3).
 p - a +2 pair of boots of running (worn)
 F - the +2 cloak of Etuxuiw (worn) {+Blink Str+3 Int+4 Dex-4}
   (You bought it in a shop on level 2 of the Orcish Mines)

   It affects your strength (+3).
   It affects your intelligence (+4).
   It affects your dexterity (-4).
   It lets you blink.
 Q - a +2 hat of magic resistance (worn)
 W - the +0 ice dragon scales of Edubb (worn) {+Fly rF- rC++ Regen+ Int-3 SInv}
   (You found it in an ice cave)

   It affects your intelligence (-3).
   It makes you vulnerable to fire.
   It greatly protects you from cold.
   It lets you see invisible.
   It lets you fly.
   It increases your rate of regeneration.
 Y - the +1 pair of gloves "Kuri" (worn) {-Cast rF++ Int+6}
   (Okawaru gifted it to you on level 6 of the Lair of Beasts)

   It affects your intelligence (+6).
   It greatly protects you from fire.
   It prevents spellcasting.
Jewellery
 c - an uncursed ring of poison resistance
 d - an uncursed ring of protection from cold
 y - the ring "Baubihuv" (right hand) {Dex+5 SInv}
   (You found it on level 2 of the Shoals)

   [ring of see invisible]

   It affects your dexterity (+5).
   It lets you see invisible.
 z - a +3 amulet of reflection (around neck)
 A - an uncursed ring of resist corrosion
 D - an uncursed ring of positive energy
 M - an uncursed amulet of rage
 S - a +3 ring of slaying (left hand)
 X - an uncursed amulet of faith
Wands
 j - a wand of heal wounds (0/9)
 u - a wand of digging (6/24)
 I - a wand of teleportation (4/9)
Scrolls
 a - 2 scrolls of fog
 b - 2 scrolls of summoning
 e - 2 scrolls of enchant armour
 m - 12 scrolls of remove curse
 n - a scroll of holy word
 o - 2 scrolls of blinking
 r - 15 scrolls of teleportation
 s - 2 scrolls of fear
 B - a scroll of silence {unknown}
 E - a scroll of magic mapping
 J - a scroll of enchant weapon
 O - 2 scrolls of torment
 V - a scroll of vulnerability
Potions
 g - 5 potions of lignification
 i - 3 potions of invisibility
 k - 8 potions of curing
 t - 9 potions of haste
 v - a potion of brilliance
 w - 4 potions of agility
 x - 2 potions of berserk rage
 C - 4 potions of ambrosia
 H - 4 potions of cancellation
 K - 7 potions of flight
 L - 3 potions of resistance
 P - 2 potions of might
Comestibles
 f - 21 bread rations
 q - 18 meat rations
 N - a chunk of flesh


   Skills:
 + Level 21.1(20.9) Fighting
 + Level 22.6(22.5) Axes
 + Level 15.0(14.8) Armour
 + Level 10.0(9.8) Dodging
 + Level 24.5(24.3) Shields
 + Level 10.3(10.2) Invocations
 + Level 2.2(2.1) Evocations


You had 20 spell levels left.
You didn't know any spells.

Dungeon Overview and Level Annotations

Branches:
Dungeon (13/15)            Temple (1/1) D:4            Lair (6/6) D:8
 Shoals (4/4) Lair:3        Snake (4/4) Lair:2        Slime (0/5) Lair:6
    Orc (2/2) D:10            Elf (0/3) Orc:2        Vaults (5/5) D:13
  Crypt (0/3) Vaults:2

Altars:
Ashenzari
Cheibriados
Dithmenos
Elyvilon
Fedhas
Gozag
Hepliaklqana
Kikubaaqudgha
Makhleb
Nemelex Xobeh
Okawaru
Qazlal
Ru
Sif Muna
Trog
Uskayaw
Vehumet
Xom
Yredelemnul
Zin
The Shining One

Shops:
D:5 :   D:10 !   D:12 (   Orc:2 [}:=   Shoals:1 ?   Shoals:4 }*%   Snake:4 %:
Vaults:4 }

Portals:
Trove: D:12 (show abyssal rune of Zot)


Innate Abilities, Weirdness & Mutations

You reflexively headbutt those who attack you in melee.
You have a pair of horns on your head.
You have very sharp teeth.
You possess an exceptional clarity of mind.
You occasionally shout uncontrollably at your foes.
You are occasionally teleported next to monsters.


Message History

The ogre mage hits you but does no damage.
The ancient lich touches you.
* * * LOW HITPOINT WARNING * * *
The ogre mage hits you but does no damage.
The vault warden hits you from afar with a halberd of flaming.
* * * LOW HITPOINT WARNING * * *
The vault warden burns you. The ancient lich touches you.
* * * LOW HITPOINT WARNING * * *
The vault warden hits you from afar with a halberd of flaming!
* * * LOW HITPOINT WARNING * * *
The vault warden burns you.
The ancient lich gestures at you while chanting.
The bolt of acid hits you!
* * * LOW HITPOINT WARNING * * *
The acid corrodes you!
You are splashed with acid!
The acid burns!
* * * LOW HITPOINT WARNING * * *
The vault warden hits you but does no damage.
The ancient lich points at you and mumbles some strange words.
The crystal spear hits you!
You die...

#+##+# ##+ #+##+##+#
##.... ... ###.... ..
#....+ #+. ..+....+##+.
#....#(:# ...#....#[.#.
#...)#([#....#....#..#.
#.)..+##p....#....'##'.
##...)@LCo..###........
#+##+##'##+# #'##+##+#
.......###).......
+...)'....+##+.
#....#.(..#$.#.
#....#....#..#.
+....+....+##'.
.....###........ ######
#########


You could see an ancient lich, a fire giant, a vault warden and an orc knight.

Vanquished Creatures
  3 ancient liches (Vaults:5)
  2 golden dragons (Vaults:5)
  2 tentacled monstrosities (Vaults:3)
  A quicksilver dragon (Vaults:3)
  A titan (Vaults:5)
  The ghost of Azzok the Earth Mage, an adept DDEE of Makhleb (Shoals:1)
  A kraken (Shoals:2)
  A sphinx (shapeshifter) (Vaults:5)
  3 sphinxes
  The ghost of loralnil the Severer, an adept MiFi of Okawaru (Snake:4)
  3 tengu reavers
  6 nagarajas (Snake:4)
  Ilsuiw (Shoals:4)
  5 shadow dragons (Vaults:5)
  2 iron dragons (Vaults:5)
  Aizul (Snake:4)
  5 deep elf sorcerers
  11 vault wardens
  5 frost giants
  A deep elf elementalist (Vaults:5)
  9 very ugly things
  An entropy weaver (Vaults:1)
  2 stone giants
  19 ironheart preservers
  3 deep elf demonologists
  A lorocyproca (D:12)
  2 deep elf death magi
  4 ettins (Vaults:5)
  3 merfolk javelineers
  A minotaur (Shoals:2)
  10 merfolk impalers
  10 ogre magi
  6 great orbs of eyes
  The ghost of bananaglory the Basher, a journeyman HOAr of Beogh (D:10)
  2 ice dragons
  12 yaktaur captains
  31 vault guards
  6 hydras
  2 rakshasas
  14 naga warriors
  A merfolk avatar (Shoals:1)
  5 merfolk aquamancers (Shoals:4)
  An alligator snapping turtle (Shoals:4)
  3 satyrs
  2 death knights
  8 anacondas
  4 centaur warriors
  9 death yaks (Lair:6)
  2 deep troll shamans (Vaults:4)
  3 orc high priests (Orc:2)
  A deep troll earth mage (Vaults:4)
  A vampire mage (D:12)
  4 thrashing horrors (Abyss:3)
  10 shock serpents
  9 naga sharpshooters
  11 deep elf knights
  The ghost of loralnil the Carver, a novice MiFi of Dithmenos (D:6)
  Sonja (D:10)
  A skeletal warrior (Vaults:1)
  6 sea snakes
  A wretched star (Abyss:3)
  4 flayed ghosts
  A shadow wraith (Vaults:5)
  2 salamander mystics (Snake:4)
  2 unseen horrors (Vaults:1)
  The ghost of Chiseanne the Conjurer, a novice DsWn of Okawaru (D:8)
  A glowing orange brain (Vaults:3)
  2 deep trolls (Vaults:4)
  2 spatial maelstroms
  5 naga ritualists (Snake:4)
  11 starcursed masses
  3 wizards
  2 lindwurms
  14 ironbrand convokers
  3 hill giants
  6 deep elf archers
  A phantasmal warrior (Vaults:5)
  17 harpies
  A hill giant (shapeshifter) (Vaults:5)
  24 deep elf magi
  10 mana vipers
  19 orc knights
  5 wolf spiders
  A manticore (shapeshifter) (D:13)
  8 orc sorcerers
  20 fauns
  42 ugly things
  3 oklob plants (Lair:5)
  A faun (shapeshifter) (Vaults:5)
  A worldbinder (Abyss:3)
  9 cyclopes
  9 salamanders
  9 manticores
  23 naga magi
  10 elephants (Lair:6)
  2 guardian serpents (Snake:4)
  8 sirens
  A centaur zombie (D:10)
  An orange demon (Abyss:3)
  6 water nymphs
  37 black mambas
  A torpor snail (shapeshifter) (D:13)
  A guardian serpent (shapeshifter) (Vaults:4)
  9 spiny frogs
  3 ice statues (IceCv)
  15 vault sentinels
  A rime drake (Lair:6)
  13 komodo dragons
  35 yaktaurs
  11 freezing wraiths
  A wind drake (shapeshifter) (Vaults:2)
  3 ancient zymes (Abyss:4)
  8 trolls
  26 merfolk
  A hornet (shapeshifter) (D:13)
  A jumping spider (Vaults:1)
  Prince Ribbit (D:9)
  5 polar bears
  24 two-headed ogres
  5 raiju
  3 meliai (Shoals:2)
  3 hornets
  Grinder (D:5)
  3 large abominations (Abyss:4)
  7 blink frogs
  8 wind drakes
  12 snapping turtles
  15 slime creatures
  16 hippogriffs
  A human simulacrum (Vaults:3)
  A fire giant simulacrum (Vaults:3)
  24 dream sheep
  9 water elementals
  Sigmund (D:2)
  A ynoxinul (Abyss:3)
  3 redbacks (Vaults:1)
  A shadow (Abyss:4)
  A wyvern (Lair:6)
  The ghost of loralnil the Shield-Bearer, an amateur MiFi (D:3)
  A wraith (Vaults:4)
  A fire bat (Abyss:4)
  37 yaks
  A human (shapeshifter) (D:13)
  7 basilisks
  A hungry ghost (D:13)
  5 vampire mosquitoes (D:12)
  2 chaos spawn
  A neqoxec (Abyss:4)
  3 mottled dragons
  2 spatial vortices (Abyss:3)
  7 wargs
  43 nagas
  2 small abominations (Abyss:3)
  An insubstantial wisp (Abyss:3)
  Duvessa (D:4)
  11 water moccasins
  7 porcupines
  A hornet zombie (D:10)
  10 ice beasts
  36 orc warriors
  A necrophage (D:8)
  3 phantoms
  9 black bears
  37 ogres
  A boggart (Vaults:1)
  3 eyes of draining
  5 centaurs
  2 wolves
  14 crocodiles
  A big kobold (D:11)
  A gnoll sergeant (D:10)
  A wyvern zombie (D:8)
  16 bullfrogs
  Dowan (D:4)
  3 scorpions
  14 killer bees
  4 electric eels
  A howler monkey (D:5)
  2 bullfrog zombies
  3 crimson imps
  2 quasits
  23 orc priests
  7 hounds
  31 orc wizards
  3 bullfrog skeletons
  4 iguanas
  An iron imp (Abyss:3)
  4 jellies
  Natasha (thrice) (D:2)
  7 worker ants
  A killer bee zombie (D:7)
  A hound zombie (D:10)
  A howler monkey zombie (D:7)
  A gnoll (shapeshifter) (Vaults:5)
  2 howler monkey skeletons
  A river rat (D:8)
  7 adders
  18 gnolls
  2 shadow imps
  A white imp (Abyss:4)
  An ooze (D:2)
  An adder zombie (D:8)
  4 worms (D:2)
  A dart slug (D:4)
  5 leopard geckos
  89 orcs
  4 bats
  14 giant cockroaches
  4 hobgoblins (D:2)
  13 jackals
  5 quokkas
  2 ball pythons (D:3)
  5 frilled lizards
  3 goblins
  11 kobolds
  A quokka skeleton (D:4)
  A quokka zombie (D:6)
  13 rats
  12 fungi
  12 plants
  2 tentacles (Shoals:2)
1506 creatures vanquished.

Vanquished Creatures (others)
  An ironheart preserver (Vaults:1)
  A stone giant (Vaults:4)
  2 yaktaur captains
  A satyr (Shoals:3)
  A centaur warrior (Vaults:1)
  A naga sharpshooter (Snake:1)
  An ironbrand convoker (Vaults:4)
  2 deep elf archers
  A cyclops (Vaults:2)
  6 fauns
  A siren (Shoals:4)
  5 yaktaurs
  An ancient zyme (D:12)
  A naga (Snake:4)
  4 centaurs
  2 orc wizards
  2 orcs
  11 fungi
  6 plants
  3 tentacles (Shoals:2)
53 creatures vanquished.

Grand Total: 1559 creatures vanquished

Notes
Turn   | Place    | Note
-------+----------+-------------------------------------------
     0 | D:1      | loralnil the Minotaur Fighter began the quest for the Orb.
     0 | D:1      | Reached XP level 1. HP: 19/19 MP: 0/0
   350 | D:2      | Reached XP level 2. HP: 26/27 MP: 1/1
   367 | D:2      | Reached skill level 4 in Shields
   621 | D:2      | Found a radiant altar of Vehumet.
   785 | D:2      | Identified a +2 pair of boots of running (You found it on level 2 of the Dungeon)
   809 | D:2      | Noticed Natasha
   811 | D:2      | Reached XP level 3. HP: 33/33 MP: 2/2
   817 | D:2      | Killed Natasha
   823 | D:2      | Noticed Natasha
   829 | D:2      | Killed Natasha
   829 | D:2      | Reached XP level 4. HP: 18/41 MP: 3/3
  1005 | D:2      | Found a blossoming altar of Fedhas.
  1059 | D:2      | Noticed Sigmund
  1087 | D:2      | Killed Sigmund
  1087 | D:2      | Reached skill level 5 in Armour
  1087 | D:2      | Reached skill level 1 in Dodging
  1087 | D:2      | Reached XP level 5. HP: 10/47 MP: 4/4
  1089 | D:2      | Reached skill level 5 in Fighting
  1370 | D:2      | Noticed Natasha
  1374 | D:2      | Killed Natasha
  1374 | D:2      | Reached XP level 6. HP: 56/56 MP: 5/5
  1590 | D:3      | Found a deep blue altar of Sif Muna.
  1652 | D:3      | Reached skill level 5 in Axes
  1654 | D:3      | Noticed loralnil's ghost (amateur MiFi)
  1672 | D:3      | Killed loralnil's ghost
  1672 | D:3      | Reached skill level 5 in Shields
  2222 | D:4      | Found a shadowy altar of Dithmenos.
  2303 | D:4      | Reached XP level 7. HP: 59/61 MP: 6/6
  2325 | D:4      | Found a staircase to the Ecumenical Temple.
  2339 | Temple   | Entered the Ecumenical Temple
  2463 | D:4      | Found a bloodstained altar of Trog.
  2472 | D:4      | Noticed Duvessa
  2481 | D:4      | Killed Duvessa
  2482 | D:4      | Noticed Dowan
  2525 | D:4      | Killed Dowan
  3173 | D:5      | Entered Level 5 of the Dungeon
  3351 | D:5      | Reached skill level 6 in Shields
  3419 | D:5      | Reached XP level 8. HP: 55/70 MP: 7/7
  3503 | D:5      | You fall through a shaft!
  3576 | D:5      | Reached skill level 7 in Shields
  3588 | D:5      | Found Feuhun's Book Shoppe.
  3653 | D:5      | Noticed Grinder
  3667 | D:5      | Killed Grinder
  4257 | D:6      | Reached skill level 8 in Shields
  4392 | D:6      | Reached XP level 9. HP: 73/78 MP: 8/8
  4500 | D:6      | Noticed loralnil's ghost (novice MiFi)
  4538 | D:6      | Killed loralnil's ghost
  4770 | D:7      | Reached skill level 9 in Shields
  4796 | D:7      | Reached skill level 10 in Axes
  5541 | D:7      | Found a glowing silver altar of Zin.
  5541 | D:7      | Found an iron altar of Okawaru.
  5550 | D:7      | Found a stormy altar of Qazlal.
  5553 | D:7      | Became a worshipper of Warmaster Okawaru
  5556 | D:7      | Found a snail-covered altar of Cheibriados.
  5558 | D:7      | Found a shattered altar of Ashenzari.
  5773 | D:8      | Found a shadowy altar of Dithmenos.
  5776 | D:8      | Noticed Chiseanne's ghost (novice DsWn)
  5782 | D:8      | Reached XP level 10. HP: 85/86 MP: 9/9
  5793 | D:8      | Killed Chiseanne's ghost
  5793 | D:8      | Reached skill level 10 in Shields
  5823 | D:8      | Found a staircase to the Lair.
  6038 | D:8      | Reached * piety under Okawaru
  6252 | D:9      | Noticed Prince Ribbit
  6261 | D:9      | Killed Prince Ribbit
  6669 | D:9      | Reached skill level 1 in Invocations
  6866 | D:10     | Entered Level 10 of the Dungeon
  6904 | D:10     | Reached ** piety under Okawaru
  6904 | D:10     | Reached skill level 11 in Shields
  7182 | D:10     | Found a staircase to the Orcish Mines.
  7214 | D:10     | Noticed bananaglory's ghost (journeyman HOAr)
  7270 | D:10     | Killed bananaglory's ghost
  7346 | D:10     | Found Zyttiysk's Distillery.
  7359 | D:10     | Bought a potion of cancellation for 88 gold pieces
  7359 | D:10     | Bought a potion of flight for 33 gold pieces
  7359 | D:10     | Bought 2 potions of haste for 220 gold pieces
  7359 | D:10     | Bought a potion of resistance for 110 gold pieces
  7359 | D:10     | Bought a potion of invisibility for 88 gold pieces
  7422 | D:10     | Noticed Sonja
  7676 | D:10     | Reached XP level 11. HP: 60/95 MP: 12/12
  7866 | D:10     | Killed Sonja
  8115 | D:10     | Reached *** piety under Okawaru
  8307 | D:11     | Reached skill level 12 in Shields
  8503 | D:11     | Noticed a brown ugly thing
  8515 | D:11     | Killed a brown ugly thing
  8973 | D:12     | Reached **** piety under Okawaru
  9199 | D:12     | Found a portal to a secret trove of treasure.
  9222 | D:12     | Reached ***** piety under Okawaru
  9230 | D:12     | Received a gift from Okawaru
  9538 | D:12     | Noticed a deep elf mage
  9562 | D:12     | Killed a deep elf mage
  9562 | D:12     | Reached skill level 5 in Invocations
  9723 | D:12     | Noticed a deep elf mage
  9726 | D:12     | Noticed a vampire mage
  9751 | D:12     | Found Odghiz's Antique Weapon Shoppe.
  9899 | D:12     | Killed a vampire mage
 10035 | D:12     | Received a gift from Okawaru
 10035 | D:12     | Reached XP level 12. HP: 56/105 MP: 11/14
 10041 | D:12     | Reached skill level 13 in Shields
 10044 | D:12     | Got a warped war axe {god gift}
 10045 | D:12     | Identified the +8 war axe of Eternal Vigilance {drain, rElec} (Okawaru gifted it to you on level 12 of the Dungeon)
 10432 | D:12     | Noticed a five-headed hydra
 10444 | D:12     | Killed an 11-headed hydra
 10830 | D:12     | Received a gift from Okawaru
 11025 | D:12     | Identified the Guide on Lethal Earth
 11042 | D:12     | Found a deep blue altar of Sif Muna.
 11060 | D:12     | Reached skill level 10 in Armour
 11116 | D:12     | Identified the Volume of Mutagenic Talismans
 11118 | D:12     | Identified the Incunabulum of Companions
 11133 | D:12     | Identified the Guide on Arcane Weapons
 11159 | D:12     | Noticed a deep elf sorcerer
 11171 | D:12     | Cast into level 3 of the Abyss (a deep elf sorcerer)
 11233 | Abyss:3  | Reached skill level 10 in Fighting
 11488 | Abyss:3  | Reached skill level 14 in Shields
 11612 | Abyss:3  | Noticed a starcursed mass
 11634 | Abyss:3  | Killed a starcursed mass
 11638 | Abyss:3  | Noticed a starcursed mass
 11639 | Abyss:3  | Reached XP level 13. HP: 40/113 MP: 17/17
 11655 | Abyss:3  | Noticed a black draconian shifter
 11663 | Abyss:3  | Found a hide-covered altar of Uskayaw.
 11705 | D:12     | Escaped the Abyss
 11716 | D:12     | Identified the Volume of Helpful Battle Magic
 11731 | D:12     | Cast into level 4 of the Abyss (a deep elf sorcerer)
 11755 | Abyss:4  | Noticed a starcursed mass
 11776 | Abyss:4  | Received a gift from Okawaru
 12098 | Abyss:4  | Noticed a starcursed mass
 12104 | Abyss:4  | Paralysed by accursed screaming for 1 turns
 12105 | Abyss:4  | Noticed a deep elf sorcerer
 12116 | Abyss:4  | Killed a deep elf sorcerer
 12116 | Abyss:4  | Reached skill level 15 in Axes
 12123 | Abyss:4  | Noticed a blizzard demon
 12123 | Abyss:4  | HP: 3/102 [starcursed mass/accursed screaming (10)]
 12124 | D:12     | Escaped the Abyss
 12130 | D:12     | Killed a deep elf sorcerer
 12133 | D:12     | Killed a lorocyproca
 12530 | D:12     | Received a gift from Okawaru
 12615 | D:13     | Found a gate to the Vaults.
 12673 | D:13     | Reached ****** piety under Okawaru
 12682 | D:13     | Reached skill level 15 in Shields
 12795 | D:13     | Paralysed by a hornet for 3 turns
 13082 | D:13     | Identified a scroll of acquirement
 13088 | D:13     | Got a fine shield
 13116 | D:13     | Identified the +1 shield of Autumn {Dex+3} (You acquired it on level 13 of the Dungeon)
 13369 | Orc:1    | Entered Level 1 of the Orcish Mines
 13738 | Orc:2    | Entered Level 2 of the Orcish Mines
 14116 | Orc:2    | Gained mutation: Your flesh is heat resistant. (rF+) [a neqoxec]
 14133 | Orc:2    | Reached XP level 14. HP: 82/124 MP: 19/19
 14224 | Orc:2    | Found Ratan's Jewellery Shop.
 14224 | Orc:2    | Found Wopseff's Book Shop.
 14227 | Orc:2    | Found Dead Kuh's Armour Shoppe.
 14581 | Orc:2    | Found Tiatoj's Gadget Shoppe.
 14591 | Orc:2    | Bought an uncursed ring of resist corrosion for 300 gold pieces
 14601 | Orc:2    | Bought the +2 cloak of Etuxuiw {+Blink Str+3 Int+4 Dex-4} for 626 gold pieces
 14743 | Orc:2    | Found a staircase to the Elven Halls.
 14972 | Lair:1   | Entered Level 1 of the Lair of Beasts
 15089 | Lair:1   | Received a gift from Okawaru
 15927 | Lair:2   | Found a staircase to the Snake Pit.
 16216 | Lair:2   | Found a bloodstained altar of Trog.
 16754 | Lair:3   | Found a staircase to the Shoals.
 17253 | Lair:3   | Received a gift from Okawaru
 18165 | Lair:5   | Found a frozen archway.
 18172 | IceCv    | Entered an ice cave
 18321 | IceCv    | Got dazzling ice dragon scales
 18332 | IceCv    | Identified the +0 ice dragon scales of Edubb {+Fly rF- rC++ Regen+ Int-3 SInv} (You found it in an ice cave)
 18657 | Lair:5   | Reached skill level 16 in Shields
 19388 | Lair:6   | Entered Level 6 of the Lair of Beasts
 19407 | Lair:6   | Found a staircase to the Slime Pits.
 19548 | Lair:6   | Received a gift from Okawaru
 19551 | Lair:6   | Got a pair of scorched gloves {god gift}
 19564 | Lair:6   | Reached XP level 15. HP: 130/135 MP: 21/21
 19634 | Lair:6   | Identified the +1 pair of gloves "Kuri" {-Cast rF++ Int+6} (Okawaru gifted it to you on level 6 of the Lair of Beasts)
 20087 | Lair:6   | Reached skill level 5 in Dodging
 20639 | Snake:1  | Entered Level 1 of the Snake Pit
 20878 | Snake:1  | Received a gift from Okawaru
 20878 | Snake:1  | Reached skill level 17 in Shields
 23568 | Snake:3  | Reached XP level 16. HP: 128/147 MP: 22/22
 23823 | Snake:4  | Entered Level 4 of the Snake Pit
 23881 | Snake:4  | Found Plog's Book Emporium.
 23892 | Snake:4  | Received a gift from Okawaru
 23895 | Snake:4  | Got a distressingly furry cloak {god gift}
 23906 | Snake:4  | Identified the +3 cloak "Loofa" {*Slow +Blink Dex+6} (Okawaru gifted it to you on level 4 of the Snake Pit)
 23919 | Snake:4  | Found Waag's Food Shoppe.
 24254 | Snake:4  | Noticed loralnil's ghost (adept MiFi)
 24285 | Snake:4  | Killed loralnil's ghost
 24396 | Snake:4  | Noticed Aizul
 24411 | Snake:4  | Killed Aizul
 24411 | Snake:4  | Reached skill level 18 in Shields
 24411 | Snake:4  | Reached skill level 10 in Invocations
 25006 | Snake:4  | Reached skill level 15 in Fighting
 26371 | Snake:4  | Received a gift from Okawaru
 26956 | Snake:4  | Reached skill level 19 in Shields
 27118 | Snake:4  | Reached XP level 17. HP: 152/158 MP: 23/23
 27335 | Snake:4  | Got a serpentine rune of Zot
 28068 | Shoals:1 | Entered Level 1 of the Shoals
 28203 | Shoals:1 | Gained mutation: You are clumsy. (Dex -2) [potion of mutation]
 28203 | Shoals:1 | Lost mutation: You are clumsy. (Dex -2) [potion of mutation]
 28203 | Shoals:1 | Gained mutation: You possess an exceptional clarity of mind. [potion of mutation]
 28242 | Shoals:1 | You fall through a shaft!
 28566 | Shoals:4 | Entered Level 4 of the Shoals
 28579 | Shoals:4 | Received a gift from Okawaru
 28582 | Shoals:4 | Found Caelefag's Food Shop.
 28632 | Shoals:4 | Identified the Catalogue of the Volcanoes and Companions
 28700 | Shoals:4 | Bought a meat ration for 70 gold pieces
 28700 | Shoals:4 | Bought a meat ration for 70 gold pieces
 28700 | Shoals:4 | Bought a meat ration for 70 gold pieces
 28700 | Shoals:4 | Bought a meat ration for 70 gold pieces
 29166 | Shoals:4 | Noticed Ilsuiw
 29354 | Shoals:4 | Reached skill level 1 in Evocations
 29371 | Shoals:4 | Reached skill level 20 in Shields
 29388 | Shoals:4 | Killed Ilsuiw
 29594 | Shoals:4 | Found Nilaicem's General Store.
 29610 | Shoals:4 | Got a barnacled rune of Zot
 29630 | Shoals:4 | Bought a potion of curing for 51 gold pieces
 29630 | Shoals:4 | Bought a scroll of enchant armour for 127 gold pieces
 29732 | Shoals:4 | Found Osith's Gadget Shop.
 30763 | Shoals:2 | Found a hide-covered altar of Uskayaw.
 30776 | Shoals:2 | Received a gift from Okawaru
 30777 | Shoals:2 | Reached XP level 18. HP: 85/168 MP: 24/24
 30943 | Shoals:2 | Got a smoking lapis lazuli ring
 31555 | Shoals:2 | You fall through a shaft!
 31737 | Shoals:1 | Noticed Azzok's ghost (adept DDEE)
 31762 | Shoals:1 | Killed Azzok's ghost
 31800 | Shoals:1 | Identified the ring "Baubihuv" {Dex+5 SInv} (You found it on level 2 of the Shoals)
 32081 | Shoals:1 | Found Zunem's Magic Scroll Shoppe.
 32092 | Shoals:1 | Bought a scroll of blinking for 90 gold pieces
 32092 | Shoals:1 | Bought a scroll of teleportation for 36 gold pieces
 32092 | Shoals:1 | Bought a scroll of blinking for 90 gold pieces
 32411 | Vaults:1 | Entered Level 1 of the Vaults
 32425 | Vaults:1 | Reached skill level 21 in Shields
 33354 | Vaults:1 | Received a gift from Okawaru
 33859 | Vaults:1 | Reached XP level 19. HP: 145/179 MP: 25/25
 34111 | Vaults:2 | Found a staircase to the Crypt.
 34111 | Vaults:2 | Found an ancient bone altar of Kikubaaqudgha.
 34112 | Vaults:2 | Found a basalt altar of Yredelemnul.
 34268 | Vaults:2 | Received a gift from Okawaru
 34476 | Vaults:2 | Reached skill level 22 in Shields
 35065 | Vaults:2 | Found a flickering gateway to a bazaar.
 35076 | Bazaar   | Entered a bazaar
 35122 | Bazaar   | Found Orakhaim's General Store.
 35140 | Bazaar   | Found Qucoeg's Jewellery Emporium.
 35157 | Bazaar   | Found Wolil's Food Boutique.
 35162 | Bazaar   | Bought a meat ration for 30 gold pieces
 35162 | Bazaar   | Bought a bread ration for 30 gold pieces
 35162 | Bazaar   | Bought a bread ration for 30 gold pieces
 35162 | Bazaar   | Bought a meat ration for 30 gold pieces
 35162 | Bazaar   | Bought a bread ration for 30 gold pieces
 35162 | Bazaar   | Bought a bread ration for 30 gold pieces
 35162 | Bazaar   | Bought a meat ration for 30 gold pieces
 35162 | Bazaar   | Bought a bread ration for 30 gold pieces
 35162 | Bazaar   | Bought a bread ration for 30 gold pieces
 35174 | Bazaar   | Found Dugy's Jewellery Shoppe.
 35433 | Vaults:3 | Identified Sif Muna's Collected Works on Unholy Ignition
 35608 | Vaults:3 | Received a gift from Okawaru
 36094 | Vaults:3 | Gained mutation: You have sharp toenails. [potion of mutation]
 36094 | Vaults:3 | Gained mutation: You have very sharp teeth. [potion of mutation]
 36094 | Vaults:3 | Gained mutation: You occasionally shout uncontrollably at your foes. [potion of mutation]
 36758 | Vaults:3 | Reached XP level 20. HP: 169/191 MP: 26/26
 36800 | Vaults:3 | Gained mutation: You are occasionally teleported next to monsters. [potion of mutation]
 36800 | Vaults:3 | Gained mutation: Armour fits poorly on your strangely shaped body. [potion of mutation]
 36800 | Vaults:3 | Gained mutation: You have a somewhat thin skeletal structure. (Dex +2, Stealth) [potion of mutation]
 36801 | Vaults:3 | Lost mutation: Your flesh is heat resistant. (rF+) [potion of cure mutation]
 36801 | Vaults:3 | Lost mutation: You have a somewhat thin skeletal structure. (Dex +2, Stealth) [potion of cure mutation]
 36801 | Vaults:3 | Lost mutation: Armour fits poorly on your strangely shaped body. [potion of cure mutation]
 36801 | Vaults:3 | Lost mutation: You have sharp toenails. [potion of cure mutation]
 37278 | Vaults:4 | Received a gift from Okawaru
 37482 | Vaults:4 | Reached skill level 23 in Shields
 37810 | Vaults:4 | Found Vuklum's Gadget Boutique.
 38209 | Vaults:4 | Got a pair of pitted gloves
 38220 | Vaults:4 | Identified the +0 pair of gloves of Tukhlolan {Dex+2 Stlth+} (You found it on level 4 of the Vaults)
 38509 | Vaults:5 | Entered Level 5 of the Vaults
 38514 | Vaults:5 | Noticed an ancient lich
 38518 | Vaults:5 | Noticed an ancient lich
 38519 | Vaults:5 | Noticed a golden dragon
 38525 | Vaults:5 | Killed an ancient lich
 38525 | Vaults:5 | Received a gift from Okawaru
 38546 | Vaults:5 | Killed an ancient lich
 38554 | Vaults:5 | Killed a golden dragon
 38558 | Vaults:5 | Reached XP level 21. HP: 110/201 MP: 27/27
 38581 | Vaults:5 | Reached skill level 24 in Shields
 38629 | Vaults:5 | Received a gift from Okawaru
 38875 | Vaults:5 | Noticed a golden dragon
 38886 | Vaults:5 | Killed a golden dragon
 38894 | Vaults:5 | Reached skill level 15 in Armour
 39019 | Vaults:5 | Noticed an ancient lich
 39036 | Vaults:5 | HP: 10/204 [???[an ancient lich] (8)]
 39283 | Vaults:5 | Killed an ancient lich
 39483 | Vaults:5 | Reached skill level 10 in Dodging
 39488 | Vaults:5 | Noticed an ancient lich
 39505 | Vaults:5 | Killed from afar by an ancient lich

Skill      XL: |  1  2  3  4  5  6  7  8  9 10 11 12 13 14 15 16 17 18 19 20 21 |
---------------+----------------------------------------------------------------+-----
Fighting       | 4 5 6 7 8 9 10 11 13 14 15 16 18 19 20 21 | 21.1
Shields        | 4 5 6 8 9 11 12 14 15 16 17 19 20 21 22 23 24 | 24.5
Armour         | 4 5 6 7 8 9 10 11 12 13 14 15 | 15.0
Axes           | 3 4 5 7 8 10 11 13 14 16 17 18 19 20 21 22 | 22.6
Dodging        | 1 2 3 4 5 6 7 8 9 10 | 10.0
Invocations    | 2 5 7 8 9 10 | 10.3
Evocations     | 1 2 |  2.2

Action                   |  1- 3 |  4- 6 |  7- 9 | 10-12 | 13-15 | 16-18 | 19-21 || total
-------------------------+-------+-------+-------+-------+-------+-------+-------++-------
Melee: War axe           |    57 |    97 |   359 |   753 |  1061 |  1224 |   892 ||  4443
       Headbutt          |    12 |    15 |    70 |   143 |   254 |   318 |   305 ||  1117
       Bite              |       |       |       |       |       |       |   121 ||   121
Invok: Heroism           |       |       |       |     9 |     8 |     8 |     5 ||    30
       Finesse           |       |       |       |       |     3 |     3 |     1 ||     7
 Abil: Evoke Flight      |       |       |       |       |     3 |     5 |     1 ||     9
Evoke: Wand              |       |       |       |     2 |     2 |     1 |     4 ||     9
  Use: Potion            |       |     1 |       |     4 |     9 |     2 |     9 ||    25
       Scroll            |       |     5 |    14 |     7 |    21 |     7 |     6 ||    60
 Stab: Invisible         |       |       |       |       |     5 |       |       ||     5
       Distracted        |       |       |       |       |       |     1 |       ||     1
  Eat: Chunk             |       |     3 |    12 |    18 |    22 |       |     1 ||    56
       Fruit             |       |       |       |     2 |     7 |       |     5 ||    14
       Royal jelly       |       |       |       |     1 |     3 |       |     1 ||     5
       Pizza             |       |       |       |       |     5 |       |       ||     5
       Beef jerky        |       |       |       |       |       |    11 |     2 ||    13
       Meat ration       |       |       |       |       |       |     2 |     1 ||     3
       Bread ration      |       |       |       |       |       |       |     1 ||     1
Armor: Scale mail        |    23 |    25 |       |       |       |       |       ||    48
       Chain mail        |       |     7 |   125 |    29 |       |       |       ||   161
       Plate armour      |       |       |       |   253 |   252 |   108 |       ||   613
       Ice dragon scales |       |       |       |       |    91 |   238 |   191 ||   520
Dodge: Dodged            |    10 |    21 |    27 |   130 |   250 |   296 |   224 ||   958
Block: Shield            |    31 |    17 |       |       |   646 |  1092 |   766 ||  2552
       Large shield      |       |    45 |   323 |   977 |   196 |       |       ||  1541
       Reflection        |       |       |     7 |    36 |    30 |   155 |    99 ||   327
